 Dungeon Crawl Stone Soup version 0.27.1-1-g398f81649c (webtiles) character file.

Game seed: 13440135998148585665

28530 bnorton916 the Destroyer (level 13, -8/64 HPs)
             Began as a Deep Elf Conjurer on Sept 7, 2021.
             Was an Elder of Vehumet.
             Mangled by a cane toad (16 damage)
             ... on level 5 of the Lair of Beasts.
             The game lasted 00:40:04 (19770 turns).

bnorton916 the Destroyer (Deep Elf Conjurer)       Turns: 19770, Time: 00:40:04

Health: -8/64      AC: 24    Str: 11    XL:     13   Next: 10%
Magic:  3/29       EV: 13    Int: 26    God:    Vehumet [****..]
Gold:   2980       SH:  0    Dex: 13    Spells: 9/32 levels left

rFire    + . .     SeeInvis .   h - +3 dagger (flame)
rCold    . . .     Faith    .   (no shield)
rNeg     + . .     Spirit   .   H - +2 pearl dragon scales
rPois    .         Reflect  .   w - +1 helmet
rElec    .         Harm     .   A - +0 cloak
rCorr    .         Rampage  .   (no gloves)
Will     +....                  j - +2 pair of boots {Fly}
Stlth    ..........             b - amulet of magic regeneration
HPRegen  0.20/turn              M - +4 ring of evasion
MPRegen  0.46/turn              I - ring of the Moon {rF+ Str+4}

@: lethally poisoned (-8 -> -15), flying, slowed, very slow
A: no striking features
a: Renounce Religion


You were on level 5 of the Lair of Beasts.
You worshipped Vehumet.
Vehumet was greatly pleased with you.
You visited 3 branches of the dungeon, and saw 17 of its levels.
You also visited: Sewer.

You collected 3112 gold pieces.
You spent 132 gold pieces at shops.

Inventory:

Hand Weapons
 h - a +3 dagger of flaming (weapon)
 B - the +6 mace "Grim Tooth" {venom, rC- rN+ Int+4}
   (You found it on level 4 of the Dungeon)

   It poisons the flesh of those it strikes.
   Int:       It affects your intelligence (+4).
   rC:        It makes you vulnerable to cold.
   rN:        It protects you from negative energy.
Missiles
 l - 378 stones
Armour
 j - a +2 pair of boots of flying (worn)
 w - a +1 helmet (worn)
 A - a +0 cloak (worn)
 H - +2 pearl dragon scales (worn)
Magical Staves
 p - a staff of earth
Jewellery
 b - an amulet of magic regeneration (around neck)
 f - a ring of ice
 I - the ring of the Moon (right hand) {rF+ Str+4}
   (You acquired it on level 8 of the Dungeon)

   [ring of protection from fire]

   Str:       It affects your strength (+4).
   rF:        It protects you from fire.
 J - a ring of poison resistance
 M - a +4 ring of evasion (left hand)
Wands
 o - a wand of mindburst (12)
 q - a wand of iceblast (15)
 u - a wand of acid (27)
 D - a wand of polymorph (11)
 E - a wand of charming (13)
 O - a wand of paralysis (13)
 P - a wand of digging (2)
 Q - a wand of flame (36)
Scrolls
 d - 7 scrolls of blinking
 n - 2 scrolls of vulnerability
 t - a scroll of silence
 x - 3 scrolls of enchant weapon
 z - 5 scrolls of magic mapping
 C - 4 scrolls of identify
 F - 8 scrolls of teleportation
 G - 3 scrolls of fear
 L - a scroll of fog
 R - 2 scrolls of amnesia
Potions
 a - 3 potions of lignification
 c - a potion of invisibility
 e - 6 potions of mutation
 g - 11 potions of curing
 i - 4 potions of attraction
 k - 6 potions of haste
 m - 2 potions of degeneration
 r - 2 potions of flight
 s - 4 potions of heal wounds
 v - a potion of berserk rage
 K - 3 potions of brilliance
 N - 2 potions of might


   Skills:
 - Level 0.4 Fighting
 - Level 11.0 Armour
 - Level 2.4 Dodging
 - Level 2.4 Stealth
 - Level 10.3 Spellcasting
 + Level 11.3 Conjurations
 - Level 9.9 Hexes
 - Level 8.4 Translocations
 + Level 6.8 Ice Magic
 + Level 5.5 Earth Magic


You had 9 spell levels left.
You knew the following spells:

 Your Spells              Type           Power      Damage    Failure   Level
a - Magic Dart            Conj           100%       1d8       1%          1
b - Searing Ray           Conj           100%       3d7       1%          2
c - Fulminant Prism       Conj/Hex       31%        3d16      1%          4
d - Iskenderun's Mystic   Conj/Tloc      60%        2d13      1%          4
e - Frozen Ramparts       Ice            98%        1d11      1%          3
f - Stone Arrow           Conj/Erth      100%       3d13      1%          3
g - Iron Shot             Conj/Erth      27%        9d6       28%         6

Your spell library contained the following spells:

 Spells                   Type           Power      Damage    Failure   Level
 Bolt of Magma            Conj/Fire/Erth 21%        4d11      17%         5
 Foxfire                  Conj/Fire      100%       2x1d9     1%          1
 Static Discharge         Conj/Air       43%        N/A       1%          2
 Conjure Flame            Conj/Fire      43%        6-21      1%          3
 Dazzling Flash           Conj/Hex       100%       N/A       1%          3
 Portal Projectile        Hex/Tloc       100%       N/A       1%          3
 Iskenderun's Battlesphe  Conj           64%        2d11      1%          5
 Gell's Gravitas          Tloc           27%        N/A       2%          3
 Inner Flame              Hex/Fire       39%        N/A       2%          3
 Lesser Beckoning         Tloc           27%        N/A       2%          3
 Teleport Other           Tloc           55%        N/A       2%          3
 Sticky Flame             Conj/Fire      43%        2d6       6%          4
 Ice Form                 Ice/Tmut       31%        N/A       50%         4
 Summon Ice Beast         Ice/Summ       31%        N/A       50%         4
 Silence                  Hex/Air        19%        N/A       63%         5
 Summon Forest            Summ/Tloc      17%        N/A       75%         5
 Dispel Undead            Necr           13%        3d9       93%         4
 Summon Lightning Spire   Summ/Air       13%        N/A       93%         4
 Spellforged Servitor     Conj/Summ      21%        N/A       98%         7
 Agony                    Necr           13%        N/A       100%        5
 Blade Hands              Tmut           6%         N/A       100%        5
 Excruciating Wounds      Necr           6%         N/A       100%        5
 Eringya's Noxious Bog    Tmut/Pois      6%         N/A       100%        6
 Storm Form               Tmut/Air       6%         N/A       100%        7
 Summon Hydra             Summ           6%         N/A       100%        7
 Maxwell's Capacitive Co  Air            6%         ∞         100%        8


Dungeon Overview and Level Annotations

Branches:
Dungeon (10/15)            Temple (1/1) D:6            Lair (6/6) D:10
 Shoals (0/4) Lair:3        Snake (0/4) Lair:2          Orc (0/2) D:10
  Sewer (visited)
  Slime: Lair:5-6

Altars:
Ashenzari
Cheibriados
Dithmenos
Elyvilon
Fedhas
Gozag
Hepliaklqana
Kikubaaqudgha
Makhleb
Nemelex Xobeh
Okawaru
Qazlal
Ru
Sif Muna
Trog
Uskayaw
Vehumet
Wu Jian
Xom
Yredelemnul
Zin
The Shining One

Shops:
D:8 ?

Annotations:
Lair:2 1 runed translucent door, GravelGoth's ghost, journeyman HuHu
Lair:3 1 runed translucent door, Ceyvaan's ghost, journeyman DEFE


Message History

Unknown command.
Unknown command.
You feel very sick.
A nearby plant withers and dies.
The cane toad stings you but does no damage.
The wolf misses you.
The cane toad stings you but does no damage.
You fly upwards.
You feel very sick.
There is a stone staircase leading down here.
Casting: Stone Arrow (safe; 1% risk of failure)
Confirm with . or Enter, or press ? or * to list all spells.
You erupt in a blast of force!
The mystic blast hits the cane toad!
The cane toad is moderately wounded.
The cane toad is knocked back by the mystic blast.
The cane toad slams into the rock wall!
You feel sick.
Unknown command.
Casting: Iskenderun's Mystic Blast (dangerous; 1% risk of failure)
Confirm with . or Enter, or press ? or * to list all spells.
You erupt in a blast of force!
The mystic blast hits the cane toad.
The cane toad is heavily wounded.
The cane toad is knocked back by the mystic blast.
The cane toad slams into the rock wall!
You feel sick.
Unknown command.
You hit the cane toad but do no damage.
The cane toad is severely wounded.
You feel sick.
You are no longer poisoned.
The cane toad stings you!
You are poisoned.
The cane toad poisons you!
You feel extremely sick. The cane toad misses you.
You feel very sick. The cane toad stings you!
* * * LOW HITPOINT WARNING * * *
* * * LOW HITPOINT WARNING * * *
You feel very sick. The cane toad stings you!
You die...

......................####
##
....#######..P.........#
..P## ####P........# ..##
##........## ...#
#.........# ...#
##..†.....# ...#
#........# ...#
#........## ..##
##.@......# ...#
#...F.....# ..P#
#...(....#### ..##
###....>...#.# ...#
#.#......<..## ..##
##.........## ..##
#P........## ...#
##.....>...# ...#
#)........#


You could see a cane toad.

Vanquished Creatures
  Rupert (Lair:3)
  Fannar (Lair:3)
  3 hydras
  Sonja (Lair:6)
  Nergalle (Lair:3)
  3 oklob plants (Lair:3)
  A manticore (Lair:3)
  3 elephants (Lair:5)
  3 black mambas
  2 cane toads
  Maggie (D:6)
  4 komodo dragons
  A hornet (D:8)
  A wind drake (Lair:3)
  Prince Ribbit (D:6)
  3 polar bears
  4 dream sheep (Lair:4)
  9 blink frogs
  4 wyverns
  3 basilisks
  37 yaks
  3 vampire mosquitoes (D:10)
  An acid dragon (D:10)
  3 nagas (Lair:2)
  9 water moccasins
  Duvessa (D:7)
  Purgy (Sewer)
  3 orc warriors
  2 ice beasts (D:6)
  2 sky beasts (D:6)
  2 black bears
  19 wolves
  2 ogres
  2 necrophages (D:7)
  A centaur (D:7)
  A phantom (D:6)
  2 kobold brigands
  7 bullfrogs
  A gnoll sergeant (D:7)
  A wyvern zombie (D:6)
  12 scorpions
  A water moccasin skeleton (D:4)
  Dowan (D:7)
  3 killer bees (D:9)
  5 wights (D:7)
  3 electric eels
  A lava snake (D:8)
  3 centaur zombies
  A jelly (D:6)
  Crazy Yiuf (D:4)
  An orc priest (D:8)
  5 centaur skeletons
  An iguana (D:7)
  2 orc wizards
  8 adders
  7 gnolls
  A river rat (D:3)
  2 shadow imps
  2 ufetubi
  A worm (D:3)
  2 dart slugs
  7 orcs
  12 bats
  4 endoplasms
  6 giant cockroaches
  11 goblins
  3 hobgoblins
  3 jackals
  15 kobolds
  4 quokkas
  10 ball pythons
  4 frilled lizards
  8 rats
300 creatures vanquished.

Vanquished Creatures (others)
  75 fulminant prisms
  51 fungi
  60 plants
186 creatures vanquished.

Grand Total: 486 creatures vanquished

Notes
Turn   | Place    | Note
-------+----------+-------------------------------------------
     0 | D:1      | bnorton916 the Deep Elf Conjurer began the quest for the
                  | Orb.
     0 | D:1      | Reached XP level 1. HP: 10/10 MP: 6/6
   432 | D:1      | Reached XP level 2. HP: 10/15 MP: 6/8
   570 | D:1      | Reached skill level 5 in Conjurations
   731 | D:1      | Found a faded altar of an unknown god.
  1324 | D:1      | Learned a level 2 spell: Searing Ray
  1442 | D:2      | Reached XP level 3. HP: 19/19 MP: 6/9
  2262 | D:3      | Identified a scroll of acquirement
  2262 | D:3      | Acquired a +1 pair of boots of flying
  2567 | D:3      | Found a glowing drain.
  2574 | Sewer    | Entered a sewer
  2917 | Sewer    | Noticed Purgy
  2925 | Sewer    | Killed Purgy
  2926 | Sewer    | Reached XP level 4. HP: 24/24 MP: 3/12
  2926 | Sewer    | Reached XP level 5. HP: 28/28 MP: 3/14
  2931 | Sewer    | Learned a level 4 spell: Fulminant Prism
  2936 | Sewer    | Learned a level 4 spell: Iskenderun's Mystic Blast
  3134 | D:3      | Noticed an ogre
  3139 | D:3      | Killed an ogre
  3140 | D:3      | Reached skill level 1 in Translocations
  3522 | D:4      | Reached XP level 6. HP: 28/33 MP: 9/15
  3574 | D:4      | You are sucked into a shaft and drop 2 floors!
  3574 | D:6      | Found a hide-covered altar of Uskayaw.
  3604 | D:6      | Noticed an ice beast
  3816 | D:6      | Found a staircase to the Ecumenical Temple.
  3821 | Temple   | Entered the Ecumenical Temple
  4322 | Temple   | Became a worshipper of Vehumet
  4419 | D:6      | Noticed an ice beast
  4427 | D:6      | Killed an ice beast
  4704 | D:6      | Noticed Prince Ribbit
  4721 | D:6      | Reached XP level 7. HP: 15/37 MP: 1/16
  4752 | D:6      | Killed Prince Ribbit
  4753 | D:6      | Reached skill level 5 in Hexes
  4940 | D:6      | Reached skill level 5 in Translocations
  5079 | D:6      | Reached XP level 8. HP: 42/42 MP: 12/17
  5191 | D:6      | Noticed Maggie
  5201 | D:6      | Killed Maggie
  5758 | D:5      | Entered Level 5 of the Dungeon
  6160 | D:4      | Reached skill level 1 in Armour
  6229 | D:4      | Acquired 844 gold pieces
  6258 | D:4      | Found a white marble altar of Elyvilon.
  6267 | D:4      | Found an ancient bone altar of Kikubaaqudgha.
  6330 | D:4      | Found a large runed translucent door.
  6357 | D:4      | Found a runed translucent door.
  6358 | D:4      | Noticed Crazy Yiuf
  6371 | D:4      | Found a large runed translucent door.
  6390 | D:4      | Killed Crazy Yiuf
  6401 | D:4      | Identified the +6 mace "Grim Tooth" {venom, rC- rN+ Int+4}
  6544 | D:4      | Found a shimmering altar of Xom.
  6759 | D:5      | Reached XP level 9. HP: 46/46 MP: 11/18
  6773 | D:5      | Reached * piety under Vehumet
  6773 | D:5      | Offered knowledge of Freeze by Vehumet.
  7793 | D:5      | Reached skill level 5 in Spellcasting
  8142 | D:7      | Noticed Duvessa
  8142 | D:7      | Noticed Dowan
  8145 | D:7      | Killed Dowan
  8146 | D:7      | Killed Duvessa
  8211 | D:7      | Found a broken altar of Ashenzari.
  8541 | D:7      | Found an opulent altar of Gozag.
  8541 | D:7      | Found a sparkling altar of Nemelex Xobeh.
  8822 | D:7      | Reached XP level 10. HP: 37/51 MP: 12/22
  9110 | D:7      | Learned a level 3 spell: Frozen Ramparts
  9637 | D:7      | Reached skill level 5 in Armour
  9786 | D:8      | Offered knowledge of Sandblast by Vehumet.
 10052 | D:8      | Found a blossoming altar of Fedhas.
 10108 | D:8      | Found Javuvvog's Magic Scroll Boutique.
 10130 | D:8      | Reached ** piety under Vehumet
 10312 | D:8      | Bought 3 scrolls of teleportation for 108 gold pieces
 10312 | D:8      | Bought a scroll of identify for 24 gold pieces
 10323 | D:8      | Acquired the ring of the Moon {rF+ Str+4}
 10688 | D:8      | Found an iron altar of Okawaru.
 11166 | D:9      | Acquired 1153 gold pieces
 11307 | D:9      | Found a shimmering blue altar of Sif Muna.
 11486 | D:9      | Found a stormy altar of Qazlal.
 11546 | D:10     | Entered Level 10 of the Dungeon
 11814 | D:10     | Found a bloodstained altar of Trog.
 11815 | D:10     | Found a snail-covered altar of Cheibriados.
 11819 | D:10     | Found a glowing golden altar of the Shining One.
 12211 | D:10     | Reached XP level 11. HP: 30/55 MP: 8/24
 12278 | D:10     | Offered knowledge of Poisonous Vapours by Vehumet.
 12308 | D:10     | Found a flagged portal.
 12524 | D:10     | Found a staircase to the Orcish Mines.
 12582 | D:10     | Found a staircase to the Lair.
 12926 | Lair:1   | Entered Level 1 of the Lair of Beasts
 13291 | Lair:1   | Reached *** piety under Vehumet
 13983 | Lair:2   | Found a staircase to the Snake Pit.
 13994 | Lair:2   | Reached skill level 10 in Armour
 14208 | Lair:2   | Found a runed translucent door.
 14215 | Lair:2   | Noticed GravelGoth's ghost (journeyman HuHu)
 14215 | Lair:2   | Identified the +6 trident "Onoll" {spect, Will- Str+7 SInv
                  | Stlth-}
 14215 | Lair:2   | Noticed a spriggan rider
 14542 | Lair:2   | Offered knowledge of Stone Arrow by Vehumet.
 14547 | Lair:2   | Learned a level 3 spell: Stone Arrow
 15305 | Lair:3   | Noticed Rupert
 15315 | Lair:3   | Paralysed by Rupert for 2 turns
 15332 | Lair:3   | Killed Rupert
 15452 | Lair:3   | Reached XP level 12. HP: 60/60 MP: 17/27
 15641 | Lair:3   | Noticed Fannar
 15659 | Lair:3   | Killed Fannar
 15660 | Lair:3   | Reached skill level 1 in Ice Magic
 15793 | Lair:3   | Noticed a five-headed hydra
 15795 | Lair:3   | Noticed Nergalle
 15807 | Lair:3   | Killed a five-headed hydra
 15808 | Lair:3   | Reached skill level 10 in Spellcasting
 16283 | Lair:3   | Killed Nergalle
 16300 | Lair:3   | Reached skill level 10 in Conjurations
 16441 | Lair:3   | Learned a level 6 spell: Iron Shot
 16774 | Lair:3   | Found a runed translucent door.
 16779 | Lair:3   | Noticed Ceyvaan's ghost (journeyman DEFE)
 16902 | Lair:3   | Found a staircase to the Shoals.
 17215 | Lair:3   | Reached skill level 1 in Earth Magic
 18142 | Lair:4   | Noticed an eight-headed hydra
 18154 | Lair:4   | Killed an eight-headed hydra
 18174 | Lair:4   | Reached skill level 5 in Ice Magic
 19185 | Lair:5   | Reached **** piety under Vehumet
 19664 | Lair:5   | Offered knowledge of Bolt of Magma by Vehumet.
 19665 | Lair:5   | Reached skill level 5 in Earth Magic
 19667 | Lair:5   | Reached XP level 13. HP: 64/64 MP: 21/29
 19754 | Lair:6   | Entered Level 6 of the Lair of Beasts
 19757 | Lair:6   | Noticed Sonja
 19762 | Lair:6   | Killed Sonja
 19770 | Lair:5   | Mangled by a cane toad

Illustrated notes

Levels and vault maps discovered:
D:1:      dpeg_arrival_rooms_with_view, layout_loops_corners,
          shapermc_ecumenical_altar_mp_ritualfount, st_stairs_9,
          minmay_pentomino_x4
D:2:      layout_basic, serial_aquarium, aquarium_bridge_long_joined
          [aquarium_subvault_balcony, aquarium_subvault_wall,
          aquarium_subvault_bridge, aquarium_subvault_balcony,
          aquarium_subvault_balcony, aquarium_subvault_wall],
          aquarium_bridge_straight [aquarium_subvault_bridge,
          aquarium_subvault_wall, aquarium_subvault_bridge,
          aquarium_subvault_balcony], aquarium_window_1, aquarium_window_2,
          aquarium_view_2d, aquarium_view_2c, aquarium_pool_side,
          hex_intersection, minmay_fractal_squares_5
D:3:      layout_loops_cross, portal_sewer_entry_e
D:4:      due_chaos_kobolds, layout_rooms, mainiacjoe_overflow_swirl,
          uniq_crazy_yiuf_cottage
D:5:      old_forge, layout_gridville, minmay_misc_feat_ornament
D:6:      layout_loops_cross, nicolae_uskayaw_suspiria,
          minmay_temple_entry_nine_rooms, grunt_decor_junction, uniq_maggie,
          uniq_prince_ribbit1
D:7:      layout_rooms, grunt_temple_overflow_opulence,
          nicolae_ashenzari_panopticon, uniq_duvessa
D:8:      layout_loops_ring, mainiacjoe_overflow_boulevard, fedhas_altar_3,
          serial_shops, nicolae_inconvenience_store
D:9:      layout_rooms, mainiacjoe_overflow_catwalk,
          nicolae_qazlal_eye_of_the_storm
D:10:     layout_cave_pools, grunt_temple_overflow_open,
          grunt_lair_entry_orc_guard_hut, orc_0_dummy, enter_bailey_5,
          minivault_21
Temple:   jpeg_temple_island
Lair:1:   layout_regular_city
Lair:2:   layout_gridlike, guppyfry_snake_entry_garden,
          ebering_ghost_funeral_grove, serial_bayou_lake_a
Lair:3:   layout_loops_ring, minmay_shoals_entry_beasts,
          ebering_ghost_inner_flame, minmay_lair_oklob_chamber,
          grunt_megastairs_2, infiniplex_staircase_pool, uniq_rupert,
          uniq_nergalle, uniq_fannar
Lair:4:   layout_hall_layers, lemuel_fruit_tree, serial_bayou_shore_a
Lair:5:   layout_big_grid
Lair:6:   evil_forest, layout_cellular_growth,
          minmay_slime_entry_oklob_enclosed, lemuel_fruit_fields, uniq_sonja

Skill      XL: |  1  2  3  4  5  6  7  8  9 10 11 12 |
---------------+-------------------------------------+-----
Conjurations   | 5 6 7 8 9 11 | 11.3
Spellcasting   | 4 7 9 10 | 10.3
Hexes          | 2 4 6 9 |  9.9
Translocations | 2 3 5 7 8 |  8.4
Armour         | 2 4 8 11 | 11.0
Ice Magic      | 6 |  6.8
Earth Magic    | 5 |  5.5
Fighting       | |  0.4
Dodging        | |  2.4
Stealth        | |  2.4

Action                   |  1- 3 |  4- 6 |  7- 9 | 10-12 | 13-15 || total
-------------------------+-------+-------+-------+-------+-------++-------
Melee: Dagger            |       |     1 |     7 |    24 |     1 ||    33
 Cast: Magic Dart        |    76 |    21 |    70 |   100 |       ||   267
       Searing Ray       |     4 |    12 |    40 |    79 |       ||   135
       Iskenderun's Myst |       |     3 |    15 |    51 |     4 ||    73
       Fulminant Prism   |       |       |     5 |    66 |     5 ||    76
       Frozen Ramparts   |       |       |       |     8 |       ||     8
       Stone Arrow       |       |       |       |     3 |     1 ||     4
Evoke: Wand              |       |       |       |     2 |       ||     2
  Use: Scroll            |     8 |       |     7 |    16 |       ||    31
       Potion            |       |     1 |       |       |       ||     1
Armor: Robe              |     3 |     9 |    15 |       |       ||    27
       Troll leather arm |       |       |    12 |    31 |       ||    43
       Pearl dragon scal |       |       |       |    68 |     2 ||    70
Dodge: Dodged            |    12 |     8 |    32 |   138 |     3 ||   193
